 Dungeon Crawl Stone Soup version 0.28.0 (webtiles) character file.

Game seed: 12160779425408053274

53 jjjjhere the Skirmisher (level 3, -3/33 HPs)
             Began as a Hill Orc Brigand on Feb 8, 2022.
             Was a Follower of Sif Muna.
             Slain by a sky beast (5 damage)
             ... on level 3 of the Dungeon.
             The game lasted 00:02:43 (2171 turns).

jjjjhere the Skirmisher (Hill Orc Brigand)          Turns: 2171, Time: 00:02:43

Health: -3/33      AC:  3    Str: 15    XL:     3   Next: 89%
Magic:  3/3        EV: 11    Int: 11    God:    Sif Muna [*.....]
Gold:   69         SH:  0    Dex: 12    Spells: 2/2 levels left

rFire   . . .      SeeInvis .   a - +2 dagger
rCold   . . .      Faith    .   (no shield)
rNeg    . . .      Spirit   .   b - +0 robe
rPois   .          Reflect  .   (no helmet)
rElec   .          Harm     .   c - +0 cloak
rCorr   .          Rampage  .   (no gloves)
Will    .....                   (no boots)
Stlth   ++........              (no amulet)
HPRegen 0.11/turn               (no ring)
MPRegen 0.08/turn               (no ring)

@: no status effects
A: no striking features
a: Renounce Religion, Channel Magic


You were on level 3 of the Dungeon.
You worshipped Sif Muna.
Sif Muna was aware of your devotion.
You visited 1 branch of the dungeon, and saw 3 of its levels.

You collected 69 gold pieces.

Inventory:

Hand Weapons
 a - a +2 dagger (weapon)
 f - a +0 flail
Missiles
 d - 8 poisoned darts (quivered)
 e - 2 curare-tipped darts
Armour
 b - a +0 robe (worn)
 c - a +0 cloak (worn)
Scrolls
 g - 3 scrolls of identify {unknown}
 i - a scroll of fog {unknown}
Potions
 h - a potion of berserk rage {unknown}


   Skills:
 - Level 3.8 Fighting
 - Level 2.0 Short Blades
 + Level 2.5 Maces & Flails
 - Level 1.7 Throwing
 - Level 0.7 Dodging
 - Level 3.2 Stealth


You had 2 spell levels left.
You didn't know any spells.
Your spell library contained the following spells:

 Spells                   Type           Power      Damage    Failure   Level
 Shock                    Conj/Air       0%         1d3       34%         1
 Stone Arrow              Conj/Erth      0%         3d7       71%         3
 Swiftness                Air            0%         N/A       71%         3
 Airstrike                Air            0%         N/A       98%         4
 Animate Armour           Summ/Erth      0%         N/A       98%         4
 Lehudib's Crystal Spear  Conj/Erth      0%         10d2      100%        8


Dungeon Overview and Level Annotations

Branches:
Dungeon (3/15)

Altars:
Sif Muna


Message History

The sky beast is heavily wounded.
You hit the sky beast.
The sky beast is severely wounded.
The sky beast flickers out of sight!
Deactivating autopickup; reactivate with Ctrl-A.
Something hits you but does no damage.
You miss something.
A sky beast appears from thin air!
Reactivating autopickup.
The sky beast misses you.
You hit the sky beast.
The sky beast is severely wounded.
The sky beast misses you.
You hit the sky beast.
The sky beast is severely wounded.
The sky beast hits you. The sky beast shocks you.
You barely miss the sky beast.
The sky beast is severely wounded.
The sky beast hits you. The sky beast shocks you.
You barely miss the sky beast.
The sky beast is severely wounded.
The sky beast closely misses you.
You closely miss the sky beast. Your punch misses the sky beast.
The sky beast is severely wounded.
The sky beast misses you.
You hit the sky beast but do no damage.
The sky beast is severely wounded.
The sky beast barely misses you.
You closely miss the sky beast.
The sky beast is severely wounded.
The sky beast hits you. The sky beast shocks you.
You closely miss the sky beast.
The sky beast is severely wounded.
The sky beast hits you.
* * * LOW HITPOINT WARNING * * *
The sky beast shocks you.
* * * LOW HITPOINT WARNING * * *
The sky beast hits you.
* * * LOW HITPOINT WARNING * * *
The sky beast shocks you.
You die...

# #.. #.......#
#.##.## ##.......#
.... #....)...#
####.####........#
#................#
#.##.#.##........###
#.........##....#
#.....###Y.##.####
#.#.......@##.###
.......#.........#
#######.###.###.###
.. ..# #.### ####
#.<.# #####


You could see a sky beast.

Vanquished Creatures
  A worm (D:2)
  3 dart slugs (D:2)
  6 ball pythons
  2 endoplasms
  A giant cockroach (D:1)
  4 goblins
  3 hobgoblins (D:1)
  4 jackals (D:2)
  A quokka (D:1)
  3 bats
  4 frilled lizards
  5 kobolds
  5 rats
42 creatures vanquished.

Notes
Turn   | Place    | Note
-------+----------+-------------------------------------------
     0 | D:1      | jjjjhere the Hill Orc Brigand began the quest for the Orb.
     0 | D:1      | Reached XP level 1. HP: 18/18 MP: 1/1
   225 | D:1      | Reached XP level 2. HP: 20/26 MP: 2/2
   764 | D:1      | Found a faded altar of an unknown god.
   772 | D:1      | Reached skill level 1 in Maces & Flails
   778 | D:1      | Prayed at the altar of an unknown god.
   778 | D:1      | Became a worshipper of Sif Muna the Loreminder
   778 | D:1      | Reached * piety under Sif Muna
  1047 | D:2      | Reached XP level 3. HP: 33/33 MP: 3/3
  2146 | D:3      | Noticed a sky beast
  2166 | D:3      | HP: 10/33 [sky beast (5)]
  2167 | D:3      | HP: 2/33 [sky beast (6)]
  2171 | D:3      | Slain by a sky beast

Illustrated notes

Levels and vault maps discovered:
D:1:      ncdulo_lavacross, layout_rooms, basic_ecumenical_altar,
          chequers_serial_rivers_small_3, grunt_decor_resistance,
          dk_noncrumbling_4
D:2:      layout_loops_cross, amcnicky_mini_rare_corridor_liquid
D:3:      layout_loops_cross, lightli_temple_of_fire,
          minmay_goblin_kobold_house, uniq_ijyb

Skill      XL: |  1  2  3 |
---------------+----------+-----
Fighting       | 3 |  3.8
Maces & Flails | 1 2 |  2.5
Short Blades   | |  2.0
Throwing       | |  1.7
Dodging        | |  0.7
Stealth        | |  3.2

Action                   || total
-------------------------++-------
Melee: Dagger            ||   175
       Punch             ||     3
 Stab: Sleeping          ||     7
Armor: Robe              ||    47
Dodge: Dodged            ||   108
